 Dungeon Crawl Stone Soup version 0.31.0-11-ge490571c62 (webtiles) character file.

Game seed: 10624676656955533914

11197 qw the Nimble (level 11, -4/56 HPs)
             Began as a Spriggan Hunter on Feb 4, 2024.
             Was a High Priest of Okawaru.
             Slain by a wolf spider (11 damage)
             ... on level 9 of the Dungeon.
             The game lasted 00:01:44 (8073 turns).

qw the Nimble (Spriggan Hunter)                     Turns: 8073, Time: 00:01:45

Health: -4/56      AC:  4    Str:  7    XL:     11   Next: 46%
Magic:  16/18      EV: 29    Int: 12    God:    Okawaru [*****.]
Gold:   301        SH:  0    Dex: 22    Spells: 10/10 levels left

rFire   . . .        f - +7 arbalest (drain)
rCold   . . .        (shield currently unavailable)
rNeg    . . .        c - +1 robe
rPois   .            (helmet restricted)
rElec   .            (no cloak)
rCorr   .            (gloves unavailable)
SInv    +            (boots unavailable)
Will    ++...        l - amulet of faith
Stlth   ++           j - ring of willpower
HPRegen 0.29/turn    (no ring)
MPRegen 0.16/turn

%: faith
@: about to teleport, very quick
A: very small, no large weapons, unfitting armour, see invisible, speed 3,
deterioration 1, screaming 1, shaggy fur 1
a: Renounce Religion, Heroism, Finesse, Duel


You were on level 9 of the Dungeon.
You worshipped Okawaru.
Okawaru was extremely pleased with you.
You visited 1 branch of the dungeon, and saw 9 of its levels.

You collected 602 gold pieces.
You spent 301 gold pieces at shops.


Innate Abilities, Weirdness & Mutations

You are very small and have problems with some larger weapons.
You are too small for most types of armour.
You have supernaturally acute eyesight. (SInv)
You cover ground extremely quickly. (Speed+++)
Your body sometimes deteriorates upon taking damage.
You occasionally shout uncontrollably at your foes.
You are covered in fur. (AC +1)


   Skills:
 - Level 5.2 Fighting
 - Level 12.0 Ranged Weapons
 + Level 12.7 Dodging
 - Level 1.5 Stealth
 + Level 9.0 Invocations


You had 10 spell levels left.
You didn't know any spells.
Your spell library was empty.

Inventory:

Hand Weapons
 f - a +7 arbalest of draining (weapon)
Armour
 c - a +1 robe (worn)
 n - +0 steam dragon scales
Jewellery
 g - an amulet of guardian spirit
 h - a ring of ice
 j - a ring of willpower (left hand)
 l - an amulet of faith (around neck)
 q - the ring of Vanity {AC+4 Int+4 Dex+2}
   (You took it off a centaur warrior on level 9 of the Dungeon)

   [ring of protection]

   AC+4:      It affects your AC (+4).
   Int+4:     It affects your intelligence (+4).
   Dex+2:     It affects your dexterity (+2).
 s - the amulet "Kiodwaf" {Faith Rampage rElec}
   (You took it off a centaur warrior on level 9 of the Dungeon)

   [amulet of faith]

   Faith:     It allows you to gain divine favour quickly.
   rElec:     It insulates you from electricity.
   Rampage:   It bestows one free step when moving towards enemies.
 u - the ring of Autumn {rPois Dex+2 Stlth+}
   (You found it on level 9 of the Dungeon)

   [ring of poison resistance]

   Dex+2:     It affects your dexterity (+2).
   rPois:     It protects you from poison Stlth+: It makes you more stealthy.
 v - the ring of Solas {rN+ Dex+4}
   (You found it on level 9 of the Dungeon)

   [ring of positive energy]

   Dex+4:     It affects your dexterity (+4).
   rN+:       It protects you from negative energy.
Wands
 i - a wand of mindburst (10)
 t - a wand of charming (18)
Scrolls
 a - 2 scrolls of identify
 d - 3 scrolls of teleportation
 p - a scroll of silence {unknown}
Potions
 b - 3 potions of curing
 e - a potion of enlightenment
 k - 5 potions of might
 m - 3 potions of mutation
 o - a potion of haste
 r - 2 potions of cancellation

Dungeon Overview and Level Annotations

Branches:
Dungeon (9/15)             Temple (0/1) D:7
   Lair: D:8-11         Orc: D:9-12

Altars:
Ashenzari
Fedhas
Hepliaklqana
Okawaru
Wu Jian
Zin

Shops:
D:4 (!**   D:5 :   D:6 ?*(

Annotations:
D:2 1 runed translucent door, Crazy Yiuf


Message History

A shadow is nearby!
You shoot a bolt. The bolt hits the shadow!!
The shadow is almost destroyed.
The shadow slips into darkness.
The shadow flickers and vanishes for a moment.
You shoot a bolt. The bolt hits the shadow.
The shadow is almost destroyed.
The shadow closely misses you.
You shoot a bolt. The bolt hits the shadow!
You destroy the shadow!
Okawaru accepts your kill.
Your Invocations skill increases to level 9!
You start resting.
A slime creature is nearby!
You shoot a bolt. The bolt hits the slime creature!!
You drain the slime creature!
The slime creature is heavily wounded.
The slime creature completely misses you.
You shoot a bolt.
The bolt barely misses the slime creature.
You shoot a bolt. The bolt hits the slime creature.
The slime creature is severely wounded.
The slime creature completely misses you.
You shoot a bolt. The bolt hits the slime creature!
The slime creature is almost dead.
Your hands slow down.
The slime creature completely misses you.
You shoot a bolt. The bolt hits the slime creature!
You kill the slime creature!
Okawaru accepts your kill. The wolf spider hits you! The wolf spider bites you.
8072 ||| READING 4 scrolls of teleportation.
As you read the scroll of teleportation, it crumbles to dust.
You feel strangely unstable. The wolf spider completely misses you.
The wolf spider bites you.
You shoot a bolt. The bolt hits the wolf spider!
The wolf spider is lightly wounded.
The wolf spider closely misses you. The wolf spider misses you.
The wolf spider hits you!
You die...

#.# #.# # #.# ###
####### #.#
##########...... #.#
+.......##..##.. #.#
#########.####### #.#
.gJW.+}(#.'......
#.###)HYsl+)=#.'......
#.#.s#########.#######
#.#.#@'.......##..##..
#<##############......
#.# ####### ###


You could see a wolf spider.

Vanquished Creatures
  2 centaur warriors (D:9)
  2 boulder beetles (D:9)
  2 two-headed ogres (D:9)
  2 cyclopes
  A manticore (D:9)
  2 hornets
  Grinder (D:3)
  Eustachio (D:5)
  2 shadows (D:9)
  A slime creature (D:9)
  2 wraiths (D:9)
  4 yaks
  3 steam dragons
  A vampire mosquito (D:9)
  2 acid dragons
  2 water moccasins
  3 orc warriors (D:9)
  3 sky beasts
  3 black bears
  2 ice beasts
  2 ogres (D:4)
  3 centaurs
  4 kobold brigands
  Blork the orc (D:6)
  2 bullfrogs
  A gnoll sergeant (D:9)
  3 scorpions
  3 wights (D:8)
  6 killer bees (D:7)
  3 howler monkeys (D:8)
  3 gnoll boudas
  4 hounds
  4 orc priests
  2 bombardier beetles
  A sleepcap (D:8)
  Terence (D:2)
  2 iguanas
  8 orc wizards
  7 adders
  9 gnolls
  2 shadow imps (D:7)
  A white imp (D:5)
  5 dart slugs
  2 ribbon worms
  22 orcs
  5 ball pythons
  8 bats
  9 endoplasms
  3 giant cockroaches
  7 goblins
  11 hobgoblins
  6 quokkas
  A frilled lizard (D:1)
  9 kobolds
  5 rats
206 creatures vanquished.

Notes
Turn   | Place    | Note
-------+----------+-------------------------------------------
     0 | D:1      | qw the Spriggan Hunter began the quest for the Orb.
     0 | D:1      | Reached XP level 1. HP: 10/10 MP: 2/2
     0 | D:1      | 0 ||| qw: Version: 0.3-a-160-g6735b56
     0 | D:1      | 0 ||| qw: Game counter: 5724
     0 | D:1      | 0 ||| qw: Melee chars always use a shield: true
     0 | D:1      | 0 ||| qw: God list: Okawaru
     0 | D:1      | 0 ||| qw: Allow faded altars: false
     0 | D:1      | 0 ||| qw: Do Orc after clearing Dungeon:15 true
     0 | D:1      | 0 ||| qw: Do second Lair branch before Depths: true
     0 | D:1      | 0 ||| qw: Lair rune preference: random
     0 | D:1      | 0 ||| qw: Goals: Normal
     0 | D:1      | 0 ||| PLANNING D:1-11
    52 | D:1      | Reached skill level 3 in Dodging
    65 | D:1      | Reached XP level 2. HP: 11/14 MP: 3/3
   436 | D:1      | Reached XP level 3. HP: 18/18 MP: 4/4
   638 | D:1      | 638 ||| UPGRADING to amulet of guardian spirit.
   643 | D:1      | 643 ||| DROPPING +6 ring of intelligence.
   644 | D:1      | 644 ||| READING scroll labelled ASOILICKICYAG.
   745 | D:1      | 745 ||| READING scroll labelled QOSHRE IPNUL.
   750 | D:1      | 750 ||| DROPPING scroll of butterflies.
  1105 | D:2      | Noticed Terence
  1115 | D:2      | Killed Terence
  1116 | D:2      | Reached XP level 4. HP: 21/22 MP: 5/5
  1411 | D:2      | Found a runed translucent door.
  1412 | D:2      | Noticed Crazy Yiuf
  1534 | D:2      | 1534 ||| READING scroll labelled WITZEMI QUKIE.
  1534 | D:2      | 1534 ||| IDENTIFYING amethyst potion
  1535 | D:2      | 1535 ||| READING scroll labelled HATUNY LUOKKIN.
  1536 | D:2      | 1536 ||| READING scroll labelled SUTIYG YG HIU.
  1537 | D:2      | 1537 ||| DRINKING 2 ruby potions.
  1869 | D:3      | Reached XP level 5. HP: 26/26 MP: 6/6
  2017 | D:3      | Noticed Grinder
  2018 | D:3      | 2018 ||| ZAPPING wand of mindburst (7) at 6,-2 (Grinder;
                  | floor).
  2021 | D:3      | 2021 ||| ZAPPING wand of mindburst (6) at 6,0 (Grinder;
                  | floor).
  2022 | D:3      | 2022 ||| ZAPPING wand of mindburst (5) at 5,0 (Grinder;
                  | floor).
  2023 | D:3      | 2023 ||| ZAPPING wand of mindburst (4) at 4,0 (Grinder;
                  | floor).
  2023 | D:3      | Killed Grinder
  2024 | D:3      | Reached skill level 6 in Ranged Weapons
  2024 | D:3      | Reached XP level 6. HP: 30/30 MP: 7/7
  2221 | D:3      | 2221 ||| READING scroll labelled PAM OWE DEMPING.
  2222 | D:3      | 2222 ||| READING scroll labelled LOOMAD RAAGEIS.
  2223 | D:3      | 2223 ||| DRINKING 2 orange potions.
  2224 | D:3      | 2224 ||| DRINKING 2 fuming orange potions.
  2225 | D:3      | 2225 ||| DROPPING potion of attraction.
  2227 | D:3      | 2227 ||| Stepping ~*~*~tactically~*~*~ (cloud).
  2303 | D:4      | Found Iprubom's Distillery.
  2316 | D:4      | 2316 ||| SHOPLISTING 2 potions of cancellation (176 gold,
                  | have 147).
  2316 | D:4      | 2316 ||| BUYING 2 potions of heal wounds (110 gold).
  2316 | D:4      | Bought 2 potions of heal wounds for 110 gold pieces
  2316 | D:4      | 2316 ||| BUYING potion of curing (33 gold).
  2316 | D:4      | Bought a potion of curing for 33 gold pieces
  2316 | D:4      | 2316 ||| SHOPLISTING potion of heal wounds (55 gold, have
                  | 4).
  2316 | D:4      | 2316 ||| SHOPLISTING potion of mutation (88 gold, have 4).
  2331 | D:4      | HP: 1/30 [iguana (9)]
  2332 | D:4      | 2332 ||| DRINKING 2 potions of heal wounds.
  2335 | D:4      | 2335 ||| DRINKING potion of heal wounds.
  2427 | D:4      | Found Nexzoed's Antique Weapon Emporium.
  2600 | D:4      | You fall into a shaft and drop 2 floors!
  2604 | D:6      | Found Gedooph's Magic Scroll Shop.
  2609 | D:6      | Noticed a water moccasin
  2610 | D:6      | 2610 ||| ZAPPING wand of flame (25) at 5,-5 (water
                  | moccasin; floor).
  2611 | D:6      | 2611 ||| ZAPPING wand of flame (24) at 3,-3 (water
                  | moccasin; floor).
  2612 | D:6      | 2612 ||| ZAPPING wand of flame (23) at 2,-2 (water
                  | moccasin; floor).
  2613 | D:6      | 2613 ||| ZAPPING wand of flame (22) at 1,-1 (water
                  | moccasin; floor).
  2614 | D:6      | 2614 ||| ZAPPING wand of flame (21) at 1,-1 (water
                  | moccasin; floor).
  2615 | D:6      | 2615 ||| ZAPPING wand of flame (20) at 1,-1 (water
                  | moccasin; floor).
  2616 | D:6      | 2616 ||| ZAPPING wand of flame (19) at 1,-1 (water
                  | moccasin; floor).
  2617 | D:6      | 2617 ||| ZAPPING wand of flame (18) at 1,-1 (water
                  | moccasin; floor).
  2618 | D:6      | 2618 ||| ZAPPING wand of flame (17) at 1,-1 (water
                  | moccasin; floor).
  2618 | D:6      | Killed a water moccasin
  2619 | D:6      | Reached skill level 6 in Dodging
  2627 | D:6      | 2627 ||| BUYING scroll of identify (26 gold).
  2627 | D:6      | Bought a scroll of identify for 26 gold pieces
  2627 | D:6      | 2627 ||| SHOPLISTING scroll of identify (26 gold, have 4).
  2672 | D:6      | Noticed a sky beast
  2673 | D:6      | 2673 ||| ZAPPING wand of flame (16) at 3,0 (sky beast;
                  | floor).
  2674 | D:6      | 2674 ||| ZAPPING wand of flame (15) at 2,0 (sky beast;
                  | floor).
  2675 | D:6      | 2675 ||| ZAPPING wand of flame (14) at 1,0 (sky beast;
                  | floor).
  2676 | D:6      | 2676 ||| ZAPPING wand of flame (13) at 1,0 (sky beast;
                  | floor).
  2677 | D:6      | 2677 ||| ZAPPING wand of flame (12) at 1,0 (sky beast;
                  | floor).
  2678 | D:6      | 2678 ||| ZAPPING wand of flame (11) at 1,0 (sky beast;
                  | floor).
  2679 | D:6      | 2679 ||| ZAPPING wand of flame (10) at 1,0 (sky beast;
                  | floor).
  2680 | D:6      | 2680 ||| ZAPPING wand of flame (9) at 1,0 (sky beast;
                  | floor).
  2681 | D:6      | 2681 ||| ZAPPING wand of flame (8) at 1,0 (sky beast;
                  | floor).
  2682 | D:6      | 2682 ||| ZAPPING wand of flame (7) at 1,0 (sky beast;
                  | floor).
  2683 | D:6      | 2683 ||| ZAPPING wand of flame (6) at 1,0 (sky beast;
                  | floor).
  2683 | D:6      | Killed a sky beast
  2684 | D:6      | Reached XP level 7. HP: 28/35 MP: 5/8
  2725 | D:6      | HP: 5/35 [centaur/arrow (7)]
  2726 | D:6      | 2726 ||| DRINKING 3 potions of curing.
  2726 | D:6      | 2726 ||| (to cure confusion)
  2812 | D:6      | 2812 ||| SWAPPING to +0 orcbow.
  2813 | D:6      | 2813 ||| DROPPING +0 shortbow.
  2863 | D:6      | 2863 ||| READING scroll of identify.
  2863 | D:6      | 2863 ||| IDENTIFYING fizzy golden potion
  2864 | D:6      | 2864 ||| READING scroll labelled TEITEC BEHUSEY.
  2865 | D:6      | 2865 ||| READING scroll labelled HUATAI JANUMM.
  2865 | D:6      | 2865 ||| ENCHANTING +0 robe.
  2866 | D:6      | 2866 ||| DRINKING 2 fuming pink potions.
  2866 | D:6      | Gained mutation: Your body sometimes deteriorates upon
                  | taking damage. [potion of mutation]
  2866 | D:6      | Gained mutation: You are partially covered in iridescent
                  | scales. (AC +2) [potion of mutation]
  2866 | D:6      | Gained mutation: You have hidden genetic defects. [potion
                  | of mutation]
  2867 | D:6      | 2867 ||| DRINKING 2 sapphire potions.
  2903 | D:6      | 2903 ||| DROPPING potion of degeneration.
  2904 | D:6      | 2904 ||| DROPPING potion of lignification.
  2989 | D:6      | 2989 ||| FLEEEEING.
  2990 | D:6      | 2990 ||| FLEEEEING.
  2992 | D:6      | 2992 ||| FLEEEEING.
  2993 | D:6      | 2993 ||| FLEEEEING.
  2997 | D:6      | 2997 ||| STAIRDANCE
  2998 | D:5      | Entered Level 5 of the Dungeon
  3080 | D:5      | 3080 ||| SWAPPING to +0 arbalest.
  3088 | D:5      | 3088 ||| RETREEEEATING.
  3089 | D:5      | 3089 ||| RETREEEEATING.
  3090 | D:5      | 3090 ||| RETREEEEATING.
  3091 | D:5      | 3091 ||| RETREEEEATING.
  3092 | D:5      | 3092 ||| RETREEEEATING.
  3097 | D:5      | 3097 ||| RETREEEEATING.
  3118 | D:5      | Gained mutation: Your magical capacity is low. (-10% MP)
                  | [hidden defects]
  3175 | D:5      | 3175 ||| DROPPING +0 orcbow.
  3190 | D:5      | 3190 ||| STAIRDANCE
  3195 | D:4      | Found an iron altar of Okawaru.
  3196 | D:4      | 3196 ||| PLANNING OKAWARU WORSHIP
  3205 | D:4      | Became a worshipper of Warmaster Okawaru
  3206 | D:4      | 3206 ||| PLANNING D:1-11
  3206 | D:4      | 3206 ||| REMOVING amulet of guardian spirit.
  3300 | D:4      | HP: 4/35 [ogre/+0 giant spiked club (31)]
  3301 | D:4      | 3301 ||| READING 3 scrolls of teleportation.
  3327 | D:4      | Gained mutation: Your body often deteriorates upon taking
                  | damage. [hidden defects]
  3327 | D:4      | Lost mutation: You have hidden genetic defects. [hidden
                  | defects expressed]
  3421 | D:4      | 3421 ||| DRINKING potion of mutation.
  3421 | D:4      | Lost mutation: You are partially covered in iridescent
                  | scales. (AC +2) [potion of mutation]
  3421 | D:4      | Lost mutation: Your magical capacity is low. (-10% MP)
                  | [potion of mutation]
  3421 | D:4      | Lost mutation: Your body often deteriorates upon taking
                  | damage. [potion of mutation]
  3421 | D:4      | Gained mutation: You occasionally shout uncontrollably at
                  | your foes. [potion of mutation]
  3421 | D:4      | Gained mutation: You are covered in fur. (AC +1) [potion of
                  | mutation]
  3433 | D:4      | Reached skill level 3 in Fighting
  3438 | D:4      | 3438 ||| RETREEEEATING.
  3440 | D:4      | Reached * piety under Okawaru
  3441 | D:4      | Reached XP level 8. HP: 36/40 MP: 9/9
  3460 | D:4      | Reached skill level 1 in Invocations
  3689 | D:4      | Found Tavutode's General Store.
  3690 | D:4      | Found Uxiskess's Gadget Gallery.
  3694 | D:4      | 3694 ||| SHOPLISTING potion of enlightenment (60 gold, have
                  | 40).
  3694 | D:4      | 3694 ||| SHOPLISTING potion of mutation (96 gold, have 40).
  3799 | D:4      | 3799 ||| READING scroll of identify.
  3799 | D:4      | 3799 ||| IDENTIFYING dark potion
  3800 | D:4      | 3800 ||| READING scroll labelled EGOODDEWAA.
  3800 | D:4      | Identified a scroll of acquirement
  3800 | D:4      | 3800 ||| ACQUIRING +4 arbalest of draining
  3800 | D:4      | Acquired a +4 arbalest of draining
  3802 | D:4      | 3802 ||| SWAPPING to +4 arbalest of draining.
  3803 | D:4      | 3803 ||| DROPPING +0 arbalest.
  3804 | D:4      | 3804 ||| DROPPING potion of brilliance.
  4064 | D:5      | Noticed Eustachio
  4087 | D:5      | Killed Eustachio
  4088 | D:5      | Reached skill level 3 in Invocations
  4276 | D:5      | Found Mocruk's Vocational Training.
  4611 | D:5      | 4611 ||| READING scroll of identify.
  4611 | D:5      | 4611 ||| IDENTIFYING green potion
  4612 | D:5      | 4612 ||| READING scroll labelled TAETYWN DORAYMU.
  4612 | D:5      | 4612 ||| ENCHANTING +4 arbalest of draining.
  4678 | D:6      | Reached ** piety under Okawaru
  4679 | D:6      | Reached skill level 9 in Ranged Weapons
  4693 | D:6      | Found Num Deucw's Assorted Antiques.
  4698 | D:6      | 4698 ||| BUYING cyan potion (24 gold).
  4698 | D:6      | Bought a cyan potion for 24 gold pieces
  4698 | D:6      | 4698 ||| BUYING scroll of identify (54 gold).
  4698 | D:6      | Bought a scroll of identify for 54 gold pieces
  4698 | D:6      | 4698 ||| BUYING scroll of identify (54 gold).
  4698 | D:6      | Bought a scroll of identify for 54 gold pieces
  4716 | D:6      | Found Pualesch's Antique Weapon Shoppe.
  4965 | D:6      | Noticed Blork the orc
  4973 | D:6      | HP: 5/40 [orc priest/divine providence (16)]
  4974 | D:6      | 4974 ||| READING 4 scrolls of teleportation.
  4974 | D:6      | HP: 1/40 [Blork the orc/+0 war axe (4)]
  4975 | D:6      | 4975 ||| DRINKING potion of heal wounds.
  4978 | D:6      | 4978 ||| RETREEEEATING.
  5184 | D:6      | Killed Blork the orc
  5185 | D:6      | Reached skill level 9 in Dodging
  5393 | D:6      | Reached XP level 9. HP: 44/44 MP: 13/13
  5414 | D:6      | 5414 ||| UPGRADING to amulet of faith.
  5419 | D:6      | 5419 ||| UPGRADING to ring of willpower.
  5420 | D:6      | 5420 ||| READING 2 scrolls of identify.
  5420 | D:6      | 5420 ||| IDENTIFYING cyan potion
  5421 | D:6      | 5421 ||| READING scroll of identify.
  5421 | D:6      | 5421 ||| IDENTIFYING 2 golden potions
  5422 | D:6      | 5422 ||| DROPPING potion of invisibility.
  5423 | D:6      | 5423 ||| DROPPING wand of flame (5).
  5462 | D:7      | Paralysed by a hornet for 1 turns
  5463 | D:7      | 5463 ||| INVOKING Heroism.
  5561 | D:7      | 5561 ||| RETREEEEATING.
  5562 | D:7      | 5562 ||| RETREEEEATING.
  5564 | D:7      | 5564 ||| RETREEEEATING.
  5567 | D:7      | 5567 ||| RETREEEEATING.
  5569 | D:7      | 5569 ||| RETREEEEATING.
  5570 | D:7      | 5570 ||| RETREEEEATING.
  5571 | D:7      | 5571 ||| RETREEEEATING.
  5708 | D:7      | Found a hazy altar of Hepliaklqana.
  5759 | D:7      | Reached *** piety under Okawaru
  5852 | D:7      | Found a staircase to the Ecumenical Temple.
  5977 | D:7      | 5977 ||| Stepping ~*~*~tactically~*~*~ (cloud).
  6230 | D:8      | 6230 ||| RETREEEEATING.
  6231 | D:8      | 6231 ||| RETREEEEATING.
  6233 | D:8      | 6233 ||| RETREEEEATING.
  6245 | D:8      | 6245 ||| STAIRDANCE
  6253 | D:8      | 6253 ||| STAIRDANCE
  6258 | D:8      | 6258 ||| STAIRDANCE
  6306 | D:8      | 6306 ||| READING scroll of enchant weapon.
  6306 | D:8      | 6306 ||| ENCHANTING +5 arbalest of draining.
  6348 | D:8      | Noticed a cyclops
  6349 | D:8      | 6349 ||| INVOKING Heroism.
  6356 | D:8      | Killed a cyclops
  6392 | D:8      | Reached XP level 10. HP: 49/49 MP: 14/14
  6445 | D:8      | Found an ornate altar of the Wu Jian Council.
  6449 | D:8      | Found a blossoming altar of Fedhas.
  6453 | D:8      | Found a broken altar of Ashenzari.
  6556 | D:8      | Reached **** piety under Okawaru
  6606 | D:8      | 6606 ||| RETREEEEATING.
  6607 | D:8      | 6607 ||| RETREEEEATING.
  6609 | D:8      | 6609 ||| RETREEEEATING.
  6610 | D:8      | 6610 ||| RETREEEEATING.
  6612 | D:8      | 6612 ||| RETREEEEATING.
  6613 | D:8      | 6613 ||| RETREEEEATING.
  6614 | D:8      | 6614 ||| RETREEEEATING.
  6778 | D:8      | Found a glowing silver altar of Zin.
  6974 | D:8      | 6974 ||| READING scroll of identify.
  6974 | D:8      | 6974 ||| IDENTIFYING scroll labelled YXTEN LAOCWAL
  6975 | D:8      | 6975 ||| DROPPING scroll of revelation.
  7100 | D:9      | 7100 ||| Stepping ~*~*~tactically~*~*~ (cloud).
  7411 | D:9      | Reached ***** piety under Okawaru
  7412 | D:9      | Reached skill level 12 in Dodging
  7479 | D:9      | 7479 ||| READING scroll of enchant weapon.
  7479 | D:9      | 7479 ||| ENCHANTING +6 arbalest of draining.
  7517 | D:9      | Reached skill level 6 in Invocations
  7641 | D:9      | Noticed a boulder beetle
  7644 | D:9      | 7644 ||| INVOKING Finesse.
  7645 | D:9      | Noticed a boulder beetle
  7655 | D:9      | Noticed a two-headed ogre
  7658 | D:9      | Killed a boulder beetle
  7658 | D:9      | Received a gift from Okawaru
  7662 | D:9      | Killed a boulder beetle
  7663 | D:9      | Reached skill level 12 in Ranged Weapons
  7665 | D:9      | Killed a two-headed ogre
  7666 | D:9      | Reached XP level 11. HP: 54/54 MP: 12/17
  7671 | D:9      | Identified the amulet "Kiodwaf" {Faith Rampage rElec}
  7671 | D:9      | Noticed a centaur warrior
  7674 | D:9      | Killed a centaur warrior
  7691 | D:9      | Identified the ring of Vanity {AC+4 Int+4 Dex+2}
  7691 | D:9      | Noticed a centaur warrior
  7692 | D:9      | 7692 ||| INVOKING Finesse.
  7696 | D:9      | Killed a centaur warrior
  7785 | D:9      | Identified the ring of Autumn {rPois Dex+2 Stlth+}
  7794 | D:9      | Identified the ring of Solas {rN+ Dex+4}
  7957 | D:9      | Noticed a two-headed ogre
  7958 | D:9      | 7958 ||| INVOKING Finesse.
  7961 | D:9      | Killed a two-headed ogre
  8041 | D:9      | Noticed a wolf spider
  8042 | D:9      | 8042 ||| RETREEEEATING.
  8044 | D:9      | 8044 ||| INVOKING Finesse.
  8049 | D:9      | 8049 ||| RETREEEEATING.
  8066 | D:9      | Reached skill level 9 in Invocations
  8071 | D:9      | HP: 11/56 [wolf spider (6)]
  8072 | D:9      | 8072 ||| READING 4 scrolls of teleportation.
  8073 | D:9      | Slain by a wolf spider

Levels and vault maps discovered:
D:1:      minmay_arrival_solitary_statue, layout_loops_cross,
          minmay_split_cup_small
D:2:      layout_basic, kennysheep_generic_room_10, uniq_terence,
          uniq_crazy_yiuf_cottage
D:3:      layout_loops_ring, uniq_grinder
D:4:      minmay_wonky_spiral, layout_loops_ring, mainiacjoe_overflow_alcove_1,
          serial_glass, glass_columns_a, glass_columns_a, serial_shops, shop,
          shop, nicolae_stop_n_shop_2, chequers_mini_garden,
          nicolae_shop_gadgets
D:5:      layout_loops_cross, nicolae_shop_vocational, uniq_eustachio
D:6:      layout_gridville, serial_shops,
          nicolae_shop_temple_entry_statues_fountains, shop,
          nicolae_stop_n_shop_2, uniq_blork_the_orc
D:7:      layout_basic, mainiacjoe_overflow_24_doors,
          minmay_temple_entry_enclosed_plants
D:8:      layout_cave_pods, grunt_temple_overflow_diamond,
          mainiacjoe_overflow_tiny_flanked, grunt_decor_cap,
          minmay_sticks_and_stones
D:9:      minmay_the_grid_triangle_9x9_rhombus_thin
          [minmay_the_grid_triangle_9x9_steps,
          minmay_the_grid_triangle_9x9_prize_special,
          minmay_the_grid_triangle_9x9_flanged_cone,
          minmay_the_grid_triangle_9x9_descending_squares], layout_basic,
          st_stairs_1, wad_scary_box

Skill      XL: |  1  2  3  4  5  6  7  8  9 10 11 |
---------------+----------------------------------+-----
Dodging        | 3 4 5 6 7 9 11 12 | 12.7
Ranged Weapons | 5 6 7 8 9 10 12 | 12.0
Fighting       | 2 3 4 5 |  5.2
Invocations    | 4 7 9 |  9.0
Stealth        | |  1.5

Action                     |  1- 3 |  4- 6 |  7- 9 | 10-12 || total
---------------------------+-------+-------+-------+-------++-------
   Fire: Shortbow          |   120 |    93 |     9 |       ||   222
         Arbalest          |       |       |   250 |   136 ||   386
         Orcbow            |       |       |    16 |       ||    16
 Invoke: Heroism           |       |       |     2 |       ||     2
         Finesse           |       |       |       |     4 ||     4
  Evoke: Wand              |       |    24 |       |       ||    24
    Use: Scroll            |     2 |     5 |    12 |     3 ||    22
         Potion            |       |     5 |     5 |       ||    10
 Armour: Robe              |     6 |    15 |    73 |    16 ||   110
  Dodge: Dodged            |    38 |    29 |   241 |    68 ||   376

Table legend:
 A = Non-vault XP
 B = Vault XP
 C = Vault XP percentage of total XP
 D = Non-vault monster count
 E = Vault monster count
 F = Vault count percentage of total count
                 A         B        C        D         E       F
            +---------+---------+-------+---------+---------+-------
      Total |    7470 |    8527 |  53.3 |     172 |      34 |  16.5
            +---------+---------+-------+---------+---------+-------
        D:1 |      50 |       5 |   9.1 |      26 |       3 |  10.3
        D:2 |      60 |      37 |  38.1 |      16 |       2 |  11.1
        D:3 |      51 |     249 |  83.0 |      16 |       1 |   5.9
        D:4 |     442 |     140 |  24.1 |      19 |       3 |  13.6
        D:5 |     570 |     223 |  28.1 |      20 |       1 |   4.8
        D:6 |     949 |      96 |   9.2 |      13 |       1 |   7.1
        D:7 |    1849 |       0 |   0.0 |      29 |       0 |   0.0
        D:8 |    1327 |     541 |  29.0 |      20 |       1 |   4.8
        D:9 |    2172 |    7236 |  76.9 |      13 |      22 |  62.9
            +---------+---------+-------+---------+---------+-------
